 Dungeon Crawl Stone Soup version 0.31-a0-844-gdc52ec4e09 (webtiles) character file.

Game seed: 16138066449674491863

33679 Rakso2454 the Protected (level 13, -3/117 HPs)
             Began as an Armataur Berserker on Sept 28, 2023.
             Was an Elder of Trog.
             Succumbed to a +1 glaive of venom's poison
             ... on level 1 of the Elven Halls.
             The game lasted 00:58:47 (16752 turns).

Rakso2454 the Protected (Armataur Berserker)       Turns: 16752, Time: 00:58:48

Health: -3/117     AC: 38    Str: 34    XL:     13   Next: 38%
Magic:  13/13      EV:  4    Int:  7    God:    Trog [****..]
Gold:   760        SH:  5    Dex: 17    Spells: 12/12 levels left

rFire   x . .        B - +6 shillelagh "Devastator" {shatter}
rCold   + . .        h - +0 buckler
rNeg    + + .        M - +9 crystal plate armour of the Curious Visions {Dex+3 Stlth+}
rPois   .            E - +2 helmet
rElec   .            g - scarf of Issay {repulsion, Fly rF- rC+ rN++}
rCorr   .            (no gloves)
SInv    .            c - +0 barding
Will    +....        (no amulet) Stlth
                     o - ring "Muwator" {+Blink Will- Str+6 Dex+4 Stlth+}
HPRegen 1.39/turn    y - +4 ring of slaying
MPRegen 0.13/turn

%: repel missiles, roll
@: lethally poisoned (-3 -> -17), strong-willed, on berserk cooldown, flying,
regenerating, slowed, very slow
A: large, rugged brown scales 3, deformed body, armoured tail, roll, long
tongue, awkward tongue
a: Renounce Religion, Evoke Blink, Berserk, Trog's Hand, Brothers in Arms


You were on level 1 of the Elven Halls.
You worshipped Trog.
Trog was greatly pleased with you.
You visited 3 branches of the dungeon, and saw 14 of its levels.

You collected 1548 gold pieces.
You spent 788 gold pieces at shops.

Inventory:

Hand Weapons
 j - the +5 war axe "Gegrucib" {venom, Fly rPois SInv}
   (You found it on level 2 of the Dungeon)

   rPois:     It protects you from poison SInv: It lets you see invisible.
   Fly:       It grants you flight.
 m - the +5 dagger of Magnificence {heavy, Str-4 Dex+4}
   (You found it on level 4 of the Dungeon)

   Str-4:     It affects your strength (-4).
   Dex+4:     It affects your dexterity (+4).
 p - a +6 quarterstaff of electrocution
 w - a +3 dire flail of holy wrath
 B - the +6 shillelagh "Devastator" (weapon) {shatter}
   (You found it on level 6 of the Dungeon)
 I - the +7 quarterstaff "Usoheed" {holy, *Rage Fly rElec Dex+6}
   (You found it on level 11 of the Dungeon)

   Dex+6:     It affects your dexterity (+6).
   rElec:     It insulates you from electricity.
   Fly:       It grants you flight.
   *Rage:     It berserks you when you make melee attacks (+20% chance).
 K - the +12 scimitar of Qauxkaxo {holy, rCorr}
   (You took it off an orc sorcerer on level 2 of the Orcish Mines)

   rCorr:     It protects you from acid and corrosion.
Missiles
 a - 23 poisoned darts (quivered)
 b - 3 javelins
 r - 15 boomerangs
Armour
 c - a +0 barding (worn)
 g - the scarf of Issay (worn) {repulsion, Fly rF- rC+ rN++}
   (You acquired it on level 3 of the Dungeon)

   rF-:       It makes you vulnerable to fire.
   rC+:       It protects you from cold.
   rN++:      It greatly protects you from negative energy.
   Fly:       It grants you flight.
 h - a +0 buckler (worn)
 E - a +2 helmet (worn)
 M - the +9 crystal plate armour of the Curious Visions (worn) {Dex+3 Stlth+}
   (You acquired it on level 2 of the Orcish Mines)

   Dex+3:     It affects your dexterity (+3).
   Stlth+:    It makes you more stealthy.
Jewellery
 o - the ring "Muwator" (left hand) {+Blink Will- Str+6 Dex+4 Stlth+}
   (You took it off a centaur on level 8 of the Dungeon)

   [ring of strength]

   Str+6:     It affects your strength (+6).
   Dex+4:     It affects your dexterity (+4).
   Will-:     It decreases your willpower.
   +Blink:    It lets you blink.
   Stlth+:    It makes you more stealthy.
 s - a +6 ring of intelligence
 y - a +4 ring of slaying (right hand)
 G - a ring of resist corrosion
Wands
 i - a wand of digging (5)
 q - a wand of quicksilver (15)
 A - a wand of mindburst (12)
 C - a wand of polymorph (5)
Scrolls
 d - 3 scrolls of immolation
 k - 6 scrolls of teleportation
 v - a scroll of fear
 z - 2 scrolls of blinking
 F - a scroll of fog
 L - a scroll of identify
Potions
 e - a potion of might {unknown}
 f - a potion of cancellation {unknown}
 n - 6 potions of enlightenment
 t - a potion of haste
 u - 3 potions of degeneration
 x - a potion of heal wounds {unknown}
 D - a potion of lignification {unknown}
 H - a potion of berserk rage {unknown}


   Skills:
 + Level 8.8 Fighting
 + Level 8.0(10.8) Axes
 + Level 12.3(13.4) Maces & Flails
 + Level 3.2 Throwing
 + Level 14.0 Armour
 + Level 3.2 Dodging
 + Level 4.5 Stealth
 + Level 4.6 Shields
 + Level 0.5 Evocations


You had 12 spell levels left.
You didn't know any spells.
Your spell library contained the following spells:

 Spells                   Type           Power      Damage    Failure   Level
 Sublimation of Blood     Necr           0%         N/A       100%        2
 Inner Flame              Hex/Fire       0%         N/A       100%        3
 Petrify                  Tmut/Erth      0%         N/A       100%        4
 Irradiate                Conj/Tmut      0%         3d11      100%        5
 Yara's Violent Unravell  Hex/Tmut       0%         3d3       100%        5
 Enfeeble                 Hex            0%         N/A       100%        7


Dungeon Overview and Level Annotations

Branches:
Dungeon (11/15)            Temple (0/1) D:6            Lair (0/5) D:10
    Orc (2/2) D:11            Elf (1/3) Orc:2

Altars:
Gozag
Hepliaklqana
Makhleb
Sif Muna
Uskayaw
Vehumet

Shops:
D:4 (?[   Orc:2 [(:*


Innate Abilities, Weirdness & Mutations

You are completely covered in rugged brown scales. (AC +3, +7% HP)
Armour fits poorly on your strangely shaped body.
You have a long armoured tail.
You roll when moving toward enemies. (Rampage)
Your long tongue fully drains potion bottles. (2x potion effects)
Your tongue gives you trouble enunciating. (1.5x scroll delay)


Message History

You are more poisoned.
The deep elf archer shoots an arrow.
The arrow hits you!
A deep elf knight comes into view.
It is wielding a +0 scimitar of protection.
You feel very sick.
The deep elf knight shouts!
The +1 glaive of venom hits you from afar.
You are more poisoned.
A deep elf zephyrmancer comes into view.
It is wielding a +0 dagger of protection.
The deep elf archer shoots an arrow.
The arrow hits you.
* * * LOW HITPOINT WARNING * * *
You block the +1 glaive of venom's attack.
The deep elf knight moves out of view.
A deep elf zephyrmancer comes into view.
It is wielding a +0 long sword.
You feel very sick.
The +1 glaive of venom hits you from afar!
* * * LOW HITPOINT WARNING * * *
You are lethally poisoned!
The deep elf zephyrmancer moves out of view.
* * * LOW HITPOINT WARNING * * *
You feel extremely sick.
The +1 glaive of venom hits you but does no damage.
You feel better.
You slurp down every last drop of the potion of curing!
The +1 glaive of venom hits you from afar!
* * * LOW HITPOINT WARNING * * *
You are lethally poisoned!
Your skin crawls.
You feel strong-willed.
You feel very sick.
The +1 glaive of venom hits you but does no damage.
You are more poisoned.
The +1 glaive of venom hits you but does no damage.
You are lethally poisoned!
* * * LOW HITPOINT WARNING * * *
You feel extremely sick.
The +1 glaive of venom hits you but does no damage.
You are more poisoned.
Your skin crawls.
You feel strong-willed.
You die...

####...).8.....#
######.).######
#<....)..)....# ..
######...######
..####.....8.....#
#.#...............
#.##...............
##.
###...........##
#..########@..#####
#).....##...#
#.#.##..(.###
#)#.##e####
#.#..#.# .(..#....
...... .#.#
.........e..#
..(..e......#


You could see a +1 glaive of venom.

Vanquished Creatures
  3 orc warlords
  A deep elf death mage (Elf:1)
  An ogre mage (Orc:1)
  A centaur warrior (D:11)
  A dancing weapon (Elf:1)
  2 orc high priests (Orc:2)
  6 two-headed ogres (Orc:1)
  A deep elf knight (Orc:2)
  Amaemon (D:8)
  The ghost of Opifex the Markskobold, a novice KoHu of Okawaru (D:8)
  A deep elf archer (Elf:1)
  Pikel (D:5)
  4 deep elf pyromancers (Elf:1)
  6 orc knights
  7 orc sorcerers
  A cyclops (D:11)
  Joseph (D:7)
  An orange demon (D:8)
  Psyche (D:8)
  3 trolls
  2 hornets
  The ghost of blamed the Shield-Bearer, an amateur FoFi (D:4)
  A slime creature (D:8)
  3 vampires (D:10)
  10 yaks
  A wraith (D:10)
  4 wyverns
  Grum (D:10)
  4 steam dragons
  Menkaure (D:4)
  3 wargs
  A harpy simulacrum (D:11)
  An acid dragon (D:10)
  3 water moccasins (D:10)
  3 black bears
  5 sky beasts
  24 orc warriors
  7 ogres
  7 centaurs
  3 wolves (D:10)
  3 lemures (D:5)
  A phantom (D:4)
  3 kobold brigands
  10 bullfrogs
  A gnoll sergeant (D:10)
  5 scorpions
  10 wights
  4 killer bees (D:10)
  7 howler monkeys
  2 jellies (D:7)
  12 orc priests
  3 hounds
  Crazy Yiuf (D:2)
  5 iguanas
  18 orc wizards
  9 gnolls
  An adder (D:2)
  A white imp (D:7)
  An ufetubus (D:4)
  A worm (D:2)
  2 dart slugs
  45 orcs
  4 endoplasms
  3 giant cockroaches
  11 goblins
  8 hobgoblins
  4 quokkas
  3 ball pythons
  8 bats
  3 frilled lizards (D:3)
  27 kobolds
  2 rats
347 creatures vanquished.

Vanquished Creatures (collateral kills)
  2 orc warriors (Orc:1)
2 creatures vanquished.

Grand Total: 349 creatures vanquished

Notes
Turn   | Place    | Note
-------+----------+-------------------------------------------
     0 | D:1      | Rakso2454 the Armataur Berserker began the quest for the
                  | Orb.
     0 | D:1      | Reached XP level 1. HP: 19/19 MP: 1/1
   111 | D:1      | Identified a scroll of acquirement
   200 | D:1      | Reached XP level 2. HP: 26/26 MP: 2/2
   224 | D:1      | You fall into a shaft and drop 1 floor!
   281 | D:2      | Identified the +5 war axe "Gegrucib" {venom, Fly rPois
                  | SInv}
   400 | D:2      | Reached XP level 3. HP: 33/33 MP: 3/3
   495 | D:2      | Reached ** piety under Trog
   621 | D:2      | Found a runed translucent door.
   622 | D:2      | Noticed Crazy Yiuf
  1147 | D:2      | Killed Crazy Yiuf
  1148 | D:2      | Reached skill level 1 in Axes
  1148 | D:2      | Reached XP level 4. HP: 3/40 MP: 4/4
  1365 | D:3      | Found a radiant altar of Vehumet.
  1870 | D:3      | Acquired the scarf of Issay {repulsion, Fly rF- rC+ rN++}
  1899 | D:3      | Noticed a bullfrog
  1925 | D:3      | Killed a bullfrog
  1926 | D:3      | Reached skill level 1 in Stealth
  1926 | D:3      | Reached XP level 5. HP: 41/48 MP: 5/5
  2376 | D:4      | Found a runed translucent door.
  2378 | D:4      | Noticed blamed's ghost (amateur FoFi)
  2415 | D:4      | Killed blamed's ghost
  2416 | D:4      | Reached XP level 6. HP: 44/55 MP: 6/6
  2858 | D:4      | Identified the +5 dagger of Magnificence {heavy, Str-4
                  | Dex+4}
  2931 | D:4      | Noticed Menkaure
  2938 | D:4      | Killed Menkaure
  2939 | D:4      | Reached XP level 7. HP: 62/62 MP: 7/7
  3218 | D:4      | Reached skill level 5 in Axes
  3501 | D:4      | Found Gymetut's Magic Scroll Emporium.
  3502 | D:4      | Found Quxitul's Armour Emporium.
  3503 | D:4      | Found Imuguj's Weapon Emporium.
  3518 | D:4      | Bought a scroll of identify for 20 gold pieces
  3518 | D:4      | Bought a scroll of identify for 20 gold pieces
  3518 | D:4      | Bought a scroll of identify for 20 gold pieces
  3796 | D:5      | Entered Level 5 of the Dungeon
  3840 | D:5      | Noticed Pikel
  3851 | D:5      | Killed Pikel
  3852 | D:5      | Reached skill level 3 in Armour
  3852 | D:5      | Reached XP level 8. HP: 71/71 MP: 8/8
  4572 | D:5      | Found a hazy altar of Hepliaklqana.
  5231 | D:6      | Found a burning altar of Makhleb.
  5309 | D:6      | Reached skill level 4 in Armour
  5416 | D:6      | Reached skill level 5 in Fighting
  5422 | D:6      | Found the +6 shillelagh "Devastator" {shatter}
  5544 | D:6      | Found a staircase to the Ecumenical Temple.
  5680 | D:6      | Reached XP level 9. HP: 79/79 MP: 9/9
  5808 | D:6      | Found a shimmering blue altar of Sif Muna.
  6284 | D:7      | Found an opulent altar of Gozag.
  6492 | D:7      | Noticed Joseph
  6502 | D:7      | Killed Joseph
  6503 | D:7      | Reached skill level 5 in Armour
  6570 | D:7      | Reached skill level 1 in Throwing
  6573 | D:7      | Reached skill level 6 in Armour
  6574 | D:7      | Reached *** piety under Trog
  6738 | D:7      | Reached skill level 5 in Maces & Flails
  7640 | D:8      | Noticed Psyche
  7670 | D:8      | Killed Psyche
  7671 | D:8      | Reached XP level 10. HP: 88/88 MP: 10/10
  7684 | D:8      | Identified the ring "Muwator" {+Blink Will- Str+6 Dex+4
                  | Stlth+}
  7698 | D:8      | Noticed Opifex's ghost (novice KoHu)
  7722 | D:8      | Found a transporter.
  7745 | D:8      | Found a transporter.
  7757 | D:8      | Found a flagged portal.
  8053 | D:8      | Reached skill level 7 in Armour
  8174 | D:8      | Found a hide-covered altar of Uskayaw.
  8192 | D:8      | Noticed an orange demon
  8193 | D:8      | Noticed Amaemon
  8199 | D:8      | Killed an orange demon
  8204 | D:8      | Killed Amaemon
  8353 | D:8      | Reached skill level 8 in Armour
  8371 | D:8      | Killed Opifex's ghost
  8654 | D:9      | Reached skill level 9 in Armour
  9516 | D:10     | Entered Level 10 of the Dungeon
  9517 | D:10     | Noticed Grum
  9520 | D:10     | Reached XP level 11. HP: 95/95 MP: 11/11
  9520 | D:10     | Reached **** piety under Trog
  9523 | D:10     | Killed Grum
 10110 | D:10     | Found a staircase to the Lair.
 10117 | D:10     | Reached skill level 10 in Armour
 11229 | D:11     | Noticed a centaur warrior
 11484 | D:11     | Killed a centaur warrior
 11556 | D:11     | Found a gate leading to a gauntlet.
 11640 | D:11     | Identified the +0 leather armour of Truth {Will+ Dex+2}
 11704 | D:11     | Identified the +7 quarterstaff "Usoheed" {holy, *Rage Fly
                  | rElec Dex+6}
 11916 | D:11     | Found a staircase to the Orcish Mines.
 11999 | Orc:1    | Entered Level 1 of the Orcish Mines
 12057 | Orc:1    | Noticed an orc sorcerer
 12064 | Orc:1    | Killed an orc sorcerer
 12065 | Orc:1    | Reached skill level 10 in Maces & Flails
 12065 | Orc:1    | Reached skill level 11 in Armour
 12098 | Orc:1    | Noticed an orc sorcerer
 12147 | Orc:1    | Paralysed by an orc sorcerer for 3 turns
 12152 | Orc:1    | Killed an orc sorcerer
 12315 | Orc:1    | Noticed an orc knight
 12325 | Orc:1    | Killed an orc knight
 12526 | Orc:1    | Noticed a two-headed ogre
 12526 | Orc:1    | Noticed a two-headed ogre
 12528 | Orc:1    | Noticed a two-headed ogre
 12533 | Orc:1    | Noticed a two-headed ogre
 12535 | Orc:1    | Killed a two-headed ogre
 12535 | Orc:1    | Killed a two-headed ogre
 12536 | Orc:1    | Reached skill level 1 in Shields
 12536 | Orc:1    | Reached XP level 12. HP: 107/107 MP: 12/12
 12536 | Orc:1    | Noticed a two-headed ogre
 12536 | Orc:1    | Noticed an ogre mage
 12540 | Orc:1    | Killed a two-headed ogre
 12553 | Orc:1    | Noticed a two-headed ogre
 12555 | Orc:1    | Killed a two-headed ogre
 12560 | Orc:1    | Killed an ogre mage
 12560 | Orc:1    | Killed a two-headed ogre
 12564 | Orc:1    | Killed a two-headed ogre
 12575 | Orc:1    | Noticed an orc warlord
 12587 | Orc:1    | HP: 5/108 [orc warlord/+2 war axe (22)]
 12598 | Orc:1    | Killed an orc warlord
 12603 | Orc:1    | Reached skill level 12 in Armour
 12804 | Orc:2    | Entered Level 2 of the Orcish Mines
 12808 | Orc:2    | Found a staircase to the Elven Halls.
 12833 | Orc:2    | Noticed an orc high priest
 13408 | Orc:2    | Noticed an orc warlord
 13705 | Orc:1    | Killed an orc warlord
 14024 | Orc:1    | Reached skill level 13 in Armour
 14943 | Orc:2    | Identified the +12 scimitar of Qauxkaxo {holy, rCorr}
 15170 | Orc:2    | Reached XP level 13. HP: 101/115 MP: 13/13
 15274 | Orc:2    | Noticed an orc warlord
 15281 | Orc:2    | Killed an orc warlord
 15648 | Orc:2    | Found Diunamom's Antique Weapon Shop.
 15834 | Orc:2    | Found Mirchoroy's Book Shop.
 15859 | Orc:2    | Found Zueceopt's General Store.
 15867 | Orc:2    | Bought a scroll of acquirement for 728 gold pieces
 15867 | Orc:2    | Acquired the +9 crystal plate armour of the Curious Visions
                  | {Dex+3 Stlth+}
 15906 | Orc:2    | Found Addammie's Antique Armour Shop.
 16597 | Elf:1    | Entered Level 1 of the Elven Halls
 16722 | Elf:1    | Noticed a deep elf death mage
 16731 | Elf:1    | Killed a deep elf death mage
 16732 | Elf:1    | Reached skill level 14 in Armour
 16751 | Elf:1    | HP: 3/117 [poisoned by a +1 glaive of venom]
 16752 | Elf:1    | Succumbed to a +1 glaive of venom's poison

Illustrated notes

Levels and vault maps discovered:
D:1:      zelgadis_glass_arrival_small, layout_basic,
          hellmonk_ecumenical_altar_crossroads
D:2:      layout_loops_corners, nicolae_figureground_pulse,
          uniq_crazy_yiuf_cottage
D:3:      layout_basic, mainiacjoe_overflow_surrounded_room,
          serial_corexii_hall, corexii_hall_statues_x,
          chequers_hall_statues_wall_a, st_stairs_4, lexackson_kobold_supper
D:4:      nicolae_cairo_tiling, layout_loops_ring,
          hellmonk_ghost_happy_afterlife, serial_rivers,
          chequers_serial_rivers_micro_d, chequers_serial_rivers_micro_e,
          chequers_serial_rivers_small_3, chequers_serial_rivers_micro_e,
          chequers_serial_rivers_large_a, grunt_decor_clamped,
          nicolae_shop_distant_corner_stores, minivault_5,
          dreamdust_wishing_well, nrook_campfire, grunt_ministairs_8,
          minmay_close_crescents, uniq_menkaure
D:5:      minmay_general_purpose_star, layout_layer_cave,
          nicolae_overflow_crystal_walls, uniq_pikel
D:6:      layout_basic, nicolae_overflow_hidden_temple,
          mainiacjoe_overflow_small_starburst, minmay_temple_entry_crystal_x,
          dilly_guarded_unrand_devastator
D:7:      layout_basic, grunt_gozag_statues, eino_small_chamber_without_monster,
          minmay_misc_feat_ornament, uniq_joseph
D:8:      layout_basic, mainiacjoe_overflow_cross_hatched, nzn_ghost_randoct,
          enter_bailey_3, uniq_amaemon, uniq_psyche
D:9:      layout_loops_ring, minivault_4, kennysheep_opposing_triangles
D:10:     layout_layer_cave, due_lair_maze_entry_diamond, nrook_pool_corridor,
          hangedman_misty_isle, uniq_grum
D:11:     layout_cave_pools, orc_0_dummy, gauntlet_entry_generic
Orc:1:    layout_caves, nicolae_orc_pool_cavern
Orc:2:    grunt_orc_cross, layout_diamond_mine, elf_legates
Elf:1:    eino_elf_arrival_shootout, layout_loops_cross, minmay_elf_necromancy,
          uniq_roxanne, uniq_agnes, uniq_zenata

Skill      XL: |  1  2  3  4  5  6  7  8  9 10 11 12 13 |
---------------+----------------------------------------+-----
Fighting       | 3 4 5 6 7 8 |  8.8
Maces & Flails | 3 5 8 10 11 12 | 12.3
Axes           | 1 2 4 6 7 8 |  8.0
Stealth        | 1 2 3 4 |  4.5
Dodging        | 2 3 |  3.2
Armour         | 3 4 6 9 11 13 14 | 14.0
Throwing       | 1 2 3 |  3.2
Shields        | 1 3 4 |  4.6
Evocations     | |  0.5

Action                     |  1- 3 |  4- 6 |  7- 9 | 10-12 | 13-15 || total
---------------------------+-------+-------+-------+-------+-------++-------
  Melee: Mace              |    16 |       |       |       |       ||    16
         Tailslap          |    10 |     4 |    16 |    40 |    15 ||    85
         War axe           |    34 |    53 |    75 |       |       ||   162
         Shillelagh        |       |       |    75 |   290 |    60 ||   425
         Punch             |       |       |     1 |     1 |       ||     2
  Throw: Dart              |       |       |     7 |    14 |       ||    21
 Invoke: Trog's Hand       |       |     2 |     1 |     7 |     3 ||    13
         Berserk           |       |     2 |     5 |    17 |     4 ||    28
         Brothers in Arms  |       |       |       |     2 |       ||     2
  Evoke: Wand              |       |       |     1 |     1 |       ||     2
    Use: Scroll            |     1 |     2 |    12 |     9 |     1 ||    25
         Potion            |       |       |       |     5 |     1 ||     6
   Stab: Sleeping          |       |     1 |       |       |       ||     1
 Armour: Animal skin       |    23 |    31 |    23 |       |       ||    77
         Plate armour      |       |       |   135 |   402 |    40 ||   577
         Skin              |       |       |     1 |       |       ||     1
         Crystal plate arm |       |       |       |       |    25 ||    25
  Dodge: Dodged            |    17 |    15 |    34 |   107 |     8 ||   181
         Repelled          |       |     1 |     1 |       |       ||     2
  Block: Buckler           |       |       |       |    52 |     7 ||    59

Table legend: (Time is in decaauts)
 A = Elapsed time spent in this place.
 B = Non-inter-level travel time spent in this place.
 C = Inter-level travel time spent in this place.
 D = Time resting spent in this place.
 E = Time spent auto-exploring this place.
 F = Levels seen in this place.
 G = Mean time per level.
                   A        B        C        D        E       F      G
               +--------+--------+--------+--------+--------+-----+--------+
         Total |  16939 |  12836 |   4103 |   4007 |   6725 |  14 | 1209.9 |
       Dungeon |  12141 |   9371 |   2770 |   1638 |   6198 |  11 | 1103.7 |
  Orcish Mines |   4637 |   3339 |   1298 |   2286 |    527 |   2 | 2318.5 |
   Elven Halls |    160 |    126 |     34 |     82 |      0 |   1 |  160.0 |
               +--------+--------+--------+--------+--------+-----+--------+

Top non-repeatable levels by time:
   Orc:1: 2713 daAuts
   Orc:2: 1923 daAuts
    D:10: 1914 daAuts
     D:4: 1597 daAuts
     D:5: 1538 daAuts
     D:8: 1268 daAuts
     D:7: 1147 daAuts
     D:2: 1093 daAuts
     D:3: 1024 daAuts
     D:9: 916 daAuts
     D:6: 801 daAuts
    D:11: 611 daAuts
     D:1: 228 daAuts
   Elf:1: 160 daAuts
